 Dungeon Crawl Stone Soup version 0.24-a0-203-gf0bc1e9 (webtiles) character file.

Game seed: 17202230914814996056

74 Borgoz the Chucker (level 4, -8/37 HPs)
             Began as a Minotaur Hunter on Mar 26, 2019.
             Mangled by Crazy Yiuf
             ... wielding a +4 quarterstaff of chaos
              (19 damage)
             ... on level 2 of the Dungeon.
             The game lasted 00:01:54 (1105 turns).

Borgoz the Chucker (Minotaur Hunter)                Turns: 1105, Time: 00:01:55

Health: -8/37      AC:  3    Str: 20    XL:     4   Next: 10%
Magic:  4/4        EV: 12    Int:  8    God:
Gold:   147        SH:  0    Dex: 11    Spells: 4/4 levels left

rFire    . . .     SeeInvis .   n - +0 dagger (venom)
rCold    . . .     Gourm    .   (no shield)
rNeg     . . .     Faith    .   b - +0 leather armour
rPois    .         Spirit   .   (helmet restricted)
rElec    .         Reflect  .   (no cloak)
rCorr    .         Harm     .   (no gloves)
MR       .....                  (no boots)
Stlth    +.........             (no amulet)
HPRegen  0.12/turn              e - +3 ring of strength
MPRegen  0.09/turn              (no ring)

@: lethally poisoned (-8 -> -14)
A: retaliatory headbutt, horns 2
a: no special abilities


You were on level 2 of the Dungeon.
You were not hungry.

You visited 1 branch of the dungeon, and saw 2 of its levels.

You collected 147 gold pieces.

Inventory:

Hand Weapons
 a - a +0 short sword
 n - a +0 dagger of venom (weapon)
 t - a +2 dagger of speed
Missiles
 c - 4 javelins (quivered)
 d - 2 throwing nets
Armour
 b - a +0 leather armour (worn)
Jewellery
 e - a +3 ring of strength (left hand)
 u - an uncursed ring of protection from magic {unknown}
Scrolls
 g - a scroll of blinking {unknown}
 i - a scroll of magic mapping {unknown}
 j - 6 scrolls of enchant weapon {unknown}
 k - 4 scrolls of identify {unknown}
 l - a scroll of noise {unknown}
 m - 3 scrolls of remove curse {unknown}
 o - a scroll of teleportation {unknown}
 q - 2 scrolls of fear {unknown}
 s - a scroll of random uselessness {unknown}
Potions
 h - a potion of might {unknown}
 p - 2 potions of curing {unknown}
 r - a potion of heal wounds {unknown}
Comestibles
 f - 7 rations


   Skills:
 + Level 2.7 Fighting
 * Level 1.6 Short Blades
 - Level 4.0 Throwing
 * Level 1.9 Armour
 * Level 2.9 Dodging
 + Level 1.3 Stealth
 + Level 0.7 Spellcasting


You had 4 spell levels left.
You didn't know any spells.
Your spell library was empty.

Dungeon Overview and Level Annotations

Branches:
Dungeon (2/15)

Altars:

Annotations:
D:2 Crazy Yiuf


Innate Abilities, Weirdness & Mutations

You reflexively headbutt those who attack you in melee.
You have a pair of horns on your head.


Message History

Crazy Yiuf barely misses you.
There is an open translucent door here.
You hit Crazy Yiuf. You headbutt Crazy Yiuf.
Crazy Yiuf is moderately wounded.
Crazy Yiuf laughs, "Mountain!"
Crazy Yiuf hits you with a +4 quarterstaff of chaos!
You are poisoned.
You hit Crazy Yiuf.
Crazy Yiuf is poisoned.
Crazy Yiuf is moderately wounded.
You feel sick.
Crazy Yiuf hits you with a +4 quarterstaff of chaos!
Crazy Yiuf burns you.
You completely miss Crazy Yiuf. You headbutt Crazy Yiuf.
Crazy Yiuf is severely wounded.
You feel sick.
Crazy Yiuf hits you with a +4 quarterstaff of chaos!
* * * LOW HITPOINT WARNING * * *
You are electrocuted!!
Ouch! That really hurt!
You die...

######## ....)).#### )..)...))#
########## #####.......####
(........# #)..#))))......##
(......#.# #...@..)........#
.......#.# #..g#...........#
.......#.## #####..)........#####
...≈≈..#..#..)..).).....##.......
≈≈≈≈≈≈≈#####...##).).)).##.......
≈≈≈)≈≈≈# ### ##########.......
###+#### #..####..... ### #####
##.## #..... ..# #...# #..#
#..÷..


You could see Crazy Yiuf.

Vanquished Creatures
  3 adders (D:2)
  An ooze (D:1)
  3 leopard geckos
  A giant cockroach (D:1)
  11 goblins
  5 hobgoblins
  3 kobolds
  5 bats
  4 frilled lizards
  3 rats
39 creatures vanquished.

Notes
Turn   | Place    | Note
-------+----------+-------------------------------------------
     0 | D:1      | Borgoz the Minotaur Hunter began the quest for the Orb.
     0 | D:1      | Reached XP level 1. HP: 18/18 MP: 0/0
   113 | D:1      | Reached skill level 1 in Stealth
   113 | D:1      | Reached XP level 2. HP: 23/25 MP: 1/1
   206 | D:1      | Reached skill level 1 in Armour
   272 | D:1      | Reached skill level 1 in Short Blades
   655 | D:2      | Reached XP level 3. HP: 29/30 MP: 2/2
  1006 | D:2      | Reached XP level 4. HP: 30/37 MP: 4/4
  1094 | D:2      | Found a runed translucent door.
  1097 | D:2      | Noticed Crazy Yiuf
  1105 | D:2      | Mangled by Crazy Yiuf

Levels and vault maps discovered:
D:1:      roderic_octagonal_star, layout_rooms, hangedman_decor_points,
          grunt_decor_resistance
D:2:      layout_basic, minmay_goblin_outpost, uniq_crazy_yiuf_cottage

Skill      XL: |  1  2 |
---------------+-------+-----
Stealth        | 1 |  1.3
Armour         | 1 |  1.9
Short Blades   | 1 |  1.6
Fighting       | |  2.7
Throwing       | |  4.0
Dodging        | |  2.9
Spellcasting   | |  0.7

Action                   |  1- 3 |  4- 6 || total
-------------------------+-------+-------++-------
Melee: Short sword       |    27 |       ||    27
       Headbutt          |    18 |     2 ||    20
       Dagger            |    42 |     3 ||    45
Throw: Javelin           |     2 |       ||     2
 Stab: Sleeping          |     3 |       ||     3
  Eat: Chunk             |       |     1 ||     1
Armor: Leather armour    |    17 |       ||    17
Dodge: Dodged            |    39 |     1 ||    40

Table legend:
 A = Non-vault XP
 B = Vault XP
 C = Vault XP percentage of total XP
 D = Non-vault monster count
 E = Vault monster count
 F = Vault count percentage of total count
                 A         B        C        D         E       F
            +---------+---------+-------+---------+---------+-------
      Total |      91 |      16 |  15.0 |      31 |       8 |  20.5
            +---------+---------+-------+---------+---------+-------
        D:1 |      33 |       0 |   0.0 |      16 |       0 |   0.0
        D:2 |      58 |      16 |  21.6 |      15 |       8 |  34.8
            +---------+---------+-------+---------+---------+-------
